Map: Dusk Towers

Players

LiquidSnute (Snute) - Winner!

  • Race: Zerg Zerg

Destiny

  • Race: Zerg Zerg
  • League: Grandmaster

Event: Root's WW3

VOD

Have the link to the VOD?

Description

Time

  • Played on: Dec. 12, 2015, 5:10 a.m.
  • Length: 7:50

All games in this series

Show
View Real Time Build Order
Export as new Build Order

LiquidSnute Zerg - Winner!

Build Orders: Hatch First 

Get SALT Encoding   

  12  0:00  Drone  
  13  0:12  Overlord  
  13  0:17  Drone  
  14  0:30  Drone x2  
  14  0:34  Drone  
  17  0:51  Hatchery  
  17  0:54  Drone  
  17  0:57  Drone  
  17  0:59  Extractor  
  17  1:12  Spawning Pool  
  17  1:16  Drone  
  17  1:19  Drone  
  18  1:28  Drone  
  19  1:39  Drone  
  20  1:49  Overlord  
  20  1:59  Queen  
  22  2:03  Metabolic Boost  
  22  2:04  Queen  
  22  2:05  Drone x2  
  26  2:12  Drone  
  26  2:14  Drone  
  28  2:23  Baneling Nest  
  28  2:24  Drone  
  28  2:25  Drone  
  29  2:34  Drone  
  29  2:35  Queen  
  32  2:38  Drone  
  32  2:43  Overlord  
  33  2:46  Zergling x2  
  33  2:50  Evolution Chamber  
  33  2:58  Drone x2  
  35  3:05  Drone  
  36  3:07  Drone x3  
  36  3:11  Drone x3  
  42  3:17  Zerg Ground Armor Level 1  
  42  3:20  Overlord  
  42  3:28  Extractor  
  41  3:36  Baneling x2  
  41  3:37  Hatchery  
  41  3:38  Zergling x4  
  42  3:43  Zergling x4  
  44  3:49  Zergling x4  
  44  3:50  Zergling x4  
  49  3:55  Queen  
  51  4:03  Zergling x2  
  51  4:09  Drone, Queen  
  52  4:13  Overlord  
  52  4:14  Hatchery  
  51  4:18  Overlord  
  51  4:24  Zergling x2  
  52  4:37  Baneling x2  
  52  4:43  Zergling x10  
  54  4:48  Zergling x2  
  55  4:56  Zergling x2  
  54  5:01  Baneling x3  
  54  5:02  Baneling  
  54  5:04  Zergling x2  
  55  5:11  Zergling x4  
  55  5:13  Zerg Melee Weapons Level 1  
  56  5:22  Zergling x10  
  56  5:23  Queen x2  
  56  5:24  Overlord  
  56  5:25  Overlord  
  56  5:26  Queen  
  67  5:28  Baneling x2  
  67  5:30  Baneling x3  
  67  5:31  Baneling x4  
  67  5:38  Drone x4  
  67  5:42  Baneling x2  
  68  5:53  Zergling x10  
  72  5:59  Queen  
  72  6:00  Zergling x6  
  74  6:16  Zergling x12  
  74  6:17  Zergling x4  
  78  6:27  Zergling x8  
  78  6:39  Zergling x2  
  79  6:40  Zergling x6  
  79  6:42  Lair, Queen x2  
  80  6:49  Zergling x6  
  80  6:53  Spore Crawler  
  82  6:57  Drone x2  
  84  7:01  Drone  
  84  7:02  Drone x4  
  89  7:12  Overlord x2  
  89  7:28  Zergling x2  
  89  7:29  Zergling x12  
Show
View Real Time Build Order
Export as new Build Order

Destiny Zerg 

Build Orders: Hatch First 

Get SALT Encoding   

  12  0:01  Drone  
  13  0:12  Overlord  
  13  0:17  Drone  
  14  0:31  Drone x2  
  14  0:35  Drone  
  17  0:52  Hatchery  
  17  0:55  Drone  
  17  0:57  Extractor  
  16  1:12  Spawning Pool  
  16  1:14  Drone  
  16  1:18  Drone  
  16  1:21  Drone  
  18  1:28  Drone  
  19  1:43  Drone  
  20  1:50  Overlord  
  20  1:58  Metabolic Boost  
  20  1:59  Queen  
  22  2:04  Queen  
  22  2:08  Drone  
  25  2:11  Drone  
  25  2:13  Drone  
  27  2:16  Drone  
  28  2:24  Baneling Nest  
  28  2:25  Drone  
  28  2:29  Drone  
  29  2:34  Drone  
  30  2:38  Drone  
  30  2:43  Drone  
  32  2:47  Overlord  
  32  3:04  Lair  
  32  3:08  Zergling x10  
  32  3:09  Zergling x2  
  32  3:10  Zergling x2  
  39  3:13  Zergling x2  
  39  3:14  Overlord  
  39  3:15  Drone  
  39  3:19  Drone  
  42  3:20  Extractor  
  42  3:25  Drone  
  42  3:29  Drone  
  42  3:31  Overlord  
  43  3:38  Drone  
  44  3:42  Drone x2  
  44  3:43  Drone x2  
  44  3:46  Baneling x2  
  48  3:55  Drone x2  
  50  3:57  Drone x2  
  50  4:03  Zergling x2  
  50  4:07  Zergling x2  
  50  4:15  Extractor  
  50  4:16  Spire, Extractor  
  47  4:17  Zergling x6  
  47  4:18  Zergling x2  
  47  4:23  Baneling x2  
  51  4:26  Baneling x2  
  51  4:27  Zergling x4  
  53  4:34  Drone  
  54  4:46  Hatchery  
  54  4:50  Drone x5  
  58  4:58  Drone  
  58  4:59  Drone  
  57  5:04  Drone, Hydralisk Den  
  57  5:07  Drone  
  57  5:13  Zergling x4  
  57  5:14  Zergling x2  
  58  5:20  Zergling x4  
  60  5:28  Overlord  
  60  5:32  Overseer  
  60  5:41  Lurker Den  
  60  5:48  Mutalisk x5  
  62  5:53  Zergling x6  
  62  5:56  Zergling x2  
  63  6:01  Zergling x2  
  48  6:21  Mutalisk x2, Zergling x6  
  48  6:22  Zergling x2  
  44  6:29  Drone x2  
  44  6:30  Drone  
  45  6:37  Drone  
  46  6:41  Drone x2  
  46  6:44  Drone x2  
  46  6:45  Drone  
  51  6:50  Drone  
  51  6:52  Drone  
  53  6:54  Drone  
  53  6:59  Queen x2  
  58  7:04  Overseer  
  60  7:08  Baneling  
  60  7:13  Drone  
  60  7:15  Baneling x3  
  61  7:21  Drone  
  59  7:25  Drone x3  
  59  7:29  Drone  
  52  7:37  Drone x4  
Tags
 
Add a new tag
Caveats
  • Supply blocks, unpowered buildings, or Contaminate may cause inaccurate times.
  • Supply counts are checked every 10 seconds.